 Dungeon Crawl Stone Soup version 0.30.1-3-gfc49f6343a (webtiles) character file.

Game seed: 5274911510455986746

116 cdecastro the Grasshopper (level 4, -5/38 HPs)
             Began as an Armataur Warper on July 28, 2023.
             Slain by Blork the orc
             ... wielding a +0 trident
              (8 damage)
             ... on level 4 of the Dungeon.
             The game lasted 00:06:00 (2666 turns).

cdecastro the Grasshopper (Armataur Warper)         Turns: 2666, Time: 00:06:00

Health: -5/38      AC:  5    Str: 17    XL:     4   Next: 70%
Magic:  3/6        EV:  9    Int: 15    God:
Gold:   117        SH:  0    Dex:  9    Spells: 1/6 levels left

rFire   . . .        a - +0 mace
rCold   . . .        (no shield)
rNeg    . . .        b - +0 leather armour
rPois   .            (no helmet)
rElec   .            m - +0 cloak
rCorr   .            (no gloves)
SInv    .            (no barding)
Will    .....        (no amulet)
Stlth   +            (no ring)
HPRegen 0.26/turn    (no ring)
MPRegen 0.10/turn

%: roll
@: no status effects
A: large, rugged brown scales 3, deformed body, armoured tail, roll, long
tongue, awkward tongue
a: no special abilities


You were on level 4 of the Dungeon.
You visited 1 branch of the dungeon, and saw 4 of its levels.

You collected 117 gold pieces.

Inventory:

Hand Weapons
 a - a +0 mace (weapon)
Missiles
 d - 7 boomerangs of dispersal (quivered)
 g - 5 poisoned darts
Armour
 b - a +0 leather armour (worn)
 m - a +0 cloak (worn)
Jewellery
 r - a +5 ring of evasion
Scrolls
 c - a scroll of blinking
 f - a scroll of fog {unknown}
 h - 7 scrolls of identify {unknown}
 i - a scroll of teleportation {unknown}
 k - a scroll of vulnerability {unknown}
 l - a scroll of amnesia {unknown}
 p - a scroll of fear {unknown}
Potions
 e - 3 potions of ambrosia {unknown}
 j - a potion of heal wounds {unknown}
 n - a potion of mutation {unknown}
 o - a potion of magic {unknown}
 q - a potion of might {unknown}
 s - 2 potions of brilliance {unknown}


   Skills:
 - Level 1.7 Fighting
 - Level 1.7 Maces & Flails
 - Level 0.8 Throwing
 - Level 1.2 Armour
 - Level 1.3 Dodging
 - Level 1.7 Spellcasting
 + Level 5.5 Translocations


You had one spell level left.
You knew the following spells:

 Your Spells              Type           Power      Damage    Failure   Level
a - Blink                 Tloc           34%        N/A       4%          2
b - Teleport Other        Tloc           17%        N/A       9%          3

Your spell library contained the following spells:

 Spells                   Type           Power      Damage    Failure   Level
 Foxfire                  Conj/Fire      4%         2x1d4     26%         1
 Slow                     Hex            4%         N/A       26%         1
 Lesser Beckoning         Tloc           34%        N/A       4%          2
 Vhi's Electric Charge    Tloc/Air       18%        N/A       26%         3
 Manifold Assault         Tloc           17%        N/A       28%         4
 Scorch                   Fire           2%         2d5       38%         2
 Confusing Touch          Hex            1%         N/A       63%         3
 Inner Flame              Hex/Fire       1%         N/A       63%         3
 Vampiric Draining        Necr           1%         2d6       63%         3
 Flame Wave               Conj/Fire      1%         2d4       95%         4
 Summon Cactus Giant      Summ           0%         N/A       100%        6
 Ignition                 Fire           0%         3d3       100%        8
 Necromutation            Tmut/Necr      0%         N/A       100%        8


Dungeon Overview and Level Annotations

Branches:
Dungeon (4/15)
 Temple: D:4-7

Altars:

Shops:
D:1 [([*[

Annotations:
D:3 Ijyb
D:4 Blork the orc


Innate Abilities, Weirdness & Mutations

You are completely covered in rugged brown scales. (AC +3, +7% HP)
Armour fits poorly on your strangely shaped body.
You have a long armoured tail.
You roll when moving toward enemies. (Rampage)
Your long tongue fully drains potion bottles. (2x potion effects)
Your tongue gives you trouble enunciating. (1.5x scroll delay)


Message History

There is a stone staircase leading down here.
You climb downwards.
Level annotation: Blork the orc Blork the orc points at you and mumbles some strange words.
The magic dart hits you.
There is a stone staircase leading up here.
Blork the orc hits you but does no damage.
You roll towards Blork the orc!
You hit Blork the orc but do no damage.
Blork the orc screams, "I'll eat your brain!
And then I'll vomit it back up!"
Blork the orc hits you with a +0 trident.
Blork the orc casts a spell.
Blork the orc seems to speed up.
You hit Blork the orc but do no damage.
Blork the orc gestures at you while chanting.
The puff of frost hits you.
Blork the orc hits you with a +0 trident!
You hit Blork the orc.
Blork the orc is lightly wounded.
Blork the orc hits you with a +0 trident.
* * * LOW HITPOINT WARNING * * *
Blork the orc casts a cantrip, but nothing happens.
You barely miss Blork the orc.
Blork the orc is lightly wounded.
Blork the orc hits you with a +0 trident!
* * * LOW HITPOINT WARNING * * *
Blork the orc hits you with a +0 trident.
* * * LOW HITPOINT WARNING * * *
Casting: Teleport Other (dangerous; 9% risk of failure)
Confirm with . or Enter, or press ? or * to list all spells.
Aiming: Teleport Other (dangerous; 9% risk of failure)
Press: ? - help, Shift-Dir - straight line, f - Blork the orc
Aim: Blork the orc, wielding a +0 trident, wearing a +0 robe and carrying a wand of flame (25) (lightly wounded, fast, chance to affect: 56%) Blork the orc looks slightly unstable.
Blork the orc zaps a wand.
The puff of flame misses you.
Unknown command.
Blork the orc attacks as you move away!
Blork the orc hits you with a +0 trident.
* * * LOW HITPOINT WARNING * * *
Blork the orc hits you from afar with a +0 trident!
You die...

#.###g......#
...o..#####.# #######
#.# #.# #.######
#......# ######o####
#.##.# ####@##.#
####### #..<....#
......# #.##.####
#####.#######.##.#
#.........##.# #
#########.##.# ##
#.##.###.# .#
#.#....[.#
#############.#..##..#


You could see Blork the orc (fast, teleporting).

Vanquished Creatures
  An iguana (D:4)
  3 adders (D:2)
  A worm (D:3)
  A dart slug (D:1)
  3 bats
  6 endoplasms
  2 giant cockroaches
  5 goblins
  8 hobgoblins
  5 jackals
  3 quokkas
  5 ball pythons
  3 frilled lizards (D:1)
  4 kobolds
  7 rats
57 creatures vanquished.

Notes
Turn   | Place    | Note
-------+----------+-------------------------------------------
     0 | D:1      | cdecastro the Armataur Warper began the quest for the Orb.
     0 | D:1      | Reached XP level 1. HP: 18/18 MP: 3/3
    82 | D:1      | Found Gepafiwn's Armour Boutique.
   188 | D:1      | Found Xuomo's General Store.
   202 | D:1      | Found Regic's Antique Armour Shoppe.
   232 | D:1      | Reached XP level 2. HP: 24/25 MP: 4/4
   519 | D:1      | Reached skill level 4 in Translocations
   673 | D:1      | Found Pomoiwez's Antique Weapon Boutique.
   693 | D:1      | Found Sizawkui's Armour Boutique.
   835 | D:1      | Got the Papyrus of Sciomancy and Ignition
   940 | D:2      | Reached XP level 3. HP: 31/31 MP: 5/5
  1010 | D:2      | Learned a level 2 spell: Blink
  1014 | D:2      | Learned a level 3 spell: Teleport Other
  1486 | D:2      | Reached XP level 4. HP: 38/38 MP: 6/6
  1654 | D:2      | Reached skill level 5 in Translocations
  1992 | D:3      | Noticed Ijyb
  2458 | D:4      | Noticed a centaur
  2458 | D:4      | Noticed Blork the orc
  2666 | D:4      | Slain by Blork the orc

Illustrated notes

Levels and vault maps discovered:
D:1:      dpeg_arrival_renting, layout_loops_cross, serial_shops,
          nicolae_shop_hallway_plus, nicolae_shop_pleasant_corner_grove, shop,
          shop_statue, shop, columned_hall_lemuel
D:2:      layout_basic
D:3:      layout_basic, uniq_ijyb
D:4:      minmay_chambers_of_twos, layout_loops_ring,
          mainiacjoe_overflow_brackets, chequers_temple_overflow_minitemple,
          uniq_blork_the_orc

Skill      XL: |  1  2  3  4 |
---------------+-------------+-----
Translocations | 4 5 |  5.5
Fighting       | |  1.7
Maces & Flails | |  1.7
Throwing       | |  0.8
Armour         | |  1.2
Dodging        | |  1.3
Spellcasting   | |  1.7

Action                     |  1- 3 |  4- 6 || total
---------------------------+-------+-------++-------
  Melee: Mace              |   117 |    52 ||   169
         Tailslap          |    15 |     7 ||    22
         Punch             |     1 |       ||     1
   Cast: Teleport Other    |       |     4 ||     4
 Armour: Leather armour    |    57 |    19 ||    76
  Dodge: Dodged            |    58 |    23 ||    81
